BSA
BOSTON REBELS @ MADISON BOMBERS
04/19/2026
 
TOP OF THE 1ST
Boston Rebels batting - Pitching for Madison Bombers : RHP Soh Suzuki
Pitching: RHP Soh Suzuki
Batting: LHB Ricardo Brandariz 0-0: Ball
1-0: Ball
2-0: Called Strike
2-1: Swinging Strike
2-2: Strikes out swinging
Batting: LHB Stanley Mullins 0-0: Foul Ball, location: 2F
0-1: Foul Ball, location: 2F
0-2: Strikes out swinging
Batting: RHB Clancy Booker 0-0: Foul Ball, location: 2F
0-1: Foul Ball, location: 2F
0-2: Ball
1-2: Foul Ball, location: 2F
1-2: Strikes out swinging
Top of the 1st over - 0 run(s), 0 hit(s), 0 error(s), 0 left on base; Boston 0 - Madison 0
BOTTOM OF THE 1ST
Madison Bombers batting - Pitching for Boston Rebels : LHP José Hidalgo
Pitching: LHP José Hidalgo
Batting: SHB Dave MacThomas 0-0: Called Strike
0-1: Ball
1-1: SINGLE (Line Drive, 9S)
Batting: LHB Sixto Cantú 0-0: Ball
1-0: Called Strike
1-1: Called Strike
1-2: Ball
2-2: Ball
3-2: Grounds into double play, 1-6-3 (Groundball, 15)
Batting: RHB Vicente Aguirre 0-0: Ball
1-0: Called Strike
1-1: Ball
2-1: Ball
3-1: Base on Balls
Batting: LHB Seung-chun Mun 0-0: Ball
1-0: Foul Ball, location: 2F
1-1: Foul Ball, location: 2F
1-2: Ball
2-2: SINGLE (Groundball, 2L) (infield hit)
Vicente Aguirre to second
Batting: RHB Sergio Márquez 0-0: Called Strike
0-1: Ball
1-1: Ball
2-1: Foul Ball, location: 2F
2-2: Fly out, F9 (Flyball, 89S)
Bottom of the 1st over - 0 run(s), 2 hit(s), 0 error(s), 2 left on base; Boston 0 - Madison 0
TOP OF THE 2ND
Boston Rebels batting - Pitching for Madison Bombers : RHP Soh Suzuki
Batting: LHB Lorenzo Flores 0-0: Ball
1-0: Ball
2-0: Fly out, F9 (Flyball, 9M)
Batting: SHB Javier Villegas 0-0: Ball
1-0: Foul Ball, location: 2F
1-1: Foul Ball, location: 2F
1-2: Ball
2-2: Strikes out looking
Batting: LHB Jeff Gordon 0-0: Foul Ball, location: 2F
0-1: Ball
1-1: Ball
2-1: Foul Ball, location: 2F
2-2: Ball
3-2: Base on Balls
Batting: RHB Ronnie Brown 0-0: Called Strike
0-1: Ball
1-1: Called Strike
1-2: SINGLE (Groundball, 3D)
Jeff Gordon to second
Runner from 2nd tries for 3rd, SAFE, throw made to third
Batting: LHB Tony Ramírez 0-0: Ball
Ronnie Brown steals 2nd base
1-0: Called Strike
1-1: Ball
2-1: Ball
3-1: Fly out, F7 (Flyball, 78S)
Top of the 2nd over - 0 run(s), 1 hit(s), 0 error(s), 2 left on base; Boston 0 - Madison 0
BOTTOM OF THE 2ND
Madison Bombers batting - Pitching for Boston Rebels : LHP José Hidalgo
Batting: LHB Mike Callahan 0-0: Ball
1-0: Fly out, F8 (Flyball, 8LXD)
Batting: RHB Emílio Carrillo 0-0: Ball
1-0: Ball
2-0: Foul Ball, location: 2F
2-1: Foul Ball, location: 2F
2-2: Ball
3-2: Foul Ball, location: 2F
3-2: DOUBLE (Line Drive, 7LS)
Batting: SHB Bob Warren 0-0: Ball
1-0: Ball
2-0: Foul Ball, location: 2F
2-1: DOUBLE (Groundball, 5L)
Emílio Carrillo scores
Batting: LHB Avery Hopkins 0-0: Foul Ball, location: 2F
0-1: Ball
1-1: Foul Ball, location: 2F
1-2: Fly out, F9 (Flyball, 9D)
Runner from 2nd tags up, SAFE at 3rd, no throw
Batting: SHB Dave MacThomas 0-0: Swinging Strike
0-1: Foul Ball, location: 2F
0-2: Strikes out looking
Bottom of the 2nd over - 1 run(s), 2 hit(s), 0 error(s), 1 left on base; Boston 0 - Madison 1
TOP OF THE 3RD
Boston Rebels batting - Pitching for Madison Bombers : RHP Soh Suzuki
Batting: RHB Rubén Matos 0-0: Ground out 6-3 (Groundball, 56)
Batting: LHB Ricardo Brandariz 0-0: Swinging Strike
0-1: Swinging Strike
0-2: Ball
1-2: Ball
2-2: Strikes out swinging
Batting: LHB Stanley Mullins 0-0: Ball
1-0: Foul Ball, location: 2F
1-1: Ball
2-1: Ball
3-1: Base on Balls
Batting: RHB Clancy Booker 0-0: Foul Ball, location: 2F
0-1: Ball
1-1: Ball
2-1: Foul Ball, location: 2F
2-2: Foul Ball, location: 2F
2-2: Foul Ball, location: 2F
2-2: Strikes out looking
Top of the 3rd over - 0 run(s), 0 hit(s), 0 error(s), 1 left on base; Boston 0 - Madison 1
BOTTOM OF THE 3RD
Madison Bombers batting - Pitching for Boston Rebels : LHP José Hidalgo
Batting: LHB Sixto Cantú 0-0: Called Strike
0-1: SOLO HOME RUN (Flyball, 89XD), Distance : 386 ft
Batting: RHB Vicente Aguirre 0-0: Called Strike
0-1: Foul Ball, location: 2F
0-2: SINGLE (Groundball, 3D)
Batting: LHB Seung-chun Mun 0-0: Ball
1-0: Called Strike
1-1: Called Strike
1-2: Ball
2-2: Ball
3-2: Grounds into double play, 4-6-3 (Groundball, 34)
Batting: RHB Sergio Márquez 0-0: Ground out 4-3 (Groundball, 4M)
Bottom of the 3rd over - 1 run(s), 2 hit(s), 0 error(s), 0 left on base; Boston 0 - Madison 2
TOP OF THE 4TH
Boston Rebels batting - Pitching for Madison Bombers : RHP Soh Suzuki
Batting: LHB Lorenzo Flores 0-0: Called Strike
0-1: Ball
1-1: Ball
2-1: Swinging Strike
2-2: Strikes out looking
Batting: SHB Javier Villegas 0-0: Called Strike
0-1: Ball
1-1: Ball
2-1: Called Strike
2-2: Ball
3-2: Base on Balls
Batting: LHB Jeff Gordon Pickoff Throw to First - Out!
0-0: Ball
1-0: Called Strike
1-1: Ball
2-1: Ball
3-1: Base on Balls
Batting: RHB Ronnie Brown 0-0: Called Strike
0-1: Called Strike
0-2: Ball
1-2: Foul Ball, location: 2F
1-2: Strikes out swinging
Top of the 4th over - 0 run(s), 0 hit(s), 0 error(s), 1 left on base; Boston 0 - Madison 2
BOTTOM OF THE 4TH
Madison Bombers batting - Pitching for Boston Rebels : LHP José Hidalgo
Batting: LHB Mike Callahan 0-0: Called Strike
0-1: Foul Ball, location: 2F
0-2: Strikes out looking
Batting: RHB Emílio Carrillo 0-0: Ball
1-0: Ball
2-0: Ball
3-0: Called Strike
3-1: Foul Ball, location: 2F
3-2: Ground out 6-3 (Groundball, 6M)
Batting: SHB Bob Warren 0-0: Ball
1-0: Called Strike
1-1: Ball
2-1: Ball
3-1: Called Strike
3-2: Strikes out swinging
Bottom of the 4th over - 0 run(s), 0 hit(s), 0 error(s), 0 left on base; Boston 0 - Madison 2
TOP OF THE 5TH
Boston Rebels batting - Pitching for Madison Bombers : RHP Soh Suzuki
Batting: LHB Tony Ramírez 0-0: Ground out 4-3 (Groundball, 4)
Batting: RHB Rubén Matos 0-0: Ball
1-0: Fly out, F7 (Flyball, 78S)
Batting: LHB Ricardo Brandariz 0-0: Ball
1-0: Foul Ball, location: 2F
1-1: Swinging Strike
1-2: Ball
2-2: Foul Ball, location: 2F
2-2: DOUBLE (Line Drive, 78D)
Batting: LHB Stanley Mullins 0-0: Ball
1-0: SINGLE (Line Drive, 8RS)
Ricardo Brandariz to third
Runner from 3rd tries for Home, SAFE, no throw or cutoff
Batting: RHB Clancy Booker 0-0: Ball
1-0: SINGLE (Line Drive, 4D)
Stanley Mullins to second
Batting: LHB Lorenzo Flores 0-0: Ball
1-0: Fielders Choice at 2nd, U4 (Groundball, 4M)
Top of the 5th over - 1 run(s), 3 hit(s), 0 error(s), 2 left on base; Boston 1 - Madison 2
BOTTOM OF THE 5TH
Madison Bombers batting - Pitching for Boston Rebels : LHP José Hidalgo
Batting: LHB Avery Hopkins 0-0: Foul Ball, location: 2F
0-1: Ball
1-1: Fly out, F8 (Line Drive, 8RM)
Batting: SHB Dave MacThomas 0-0: Ball
1-0: Called Strike
1-1: Ground out 6-3 (Groundball, 6)
Batting: LHB Sixto Cantú 0-0: Ball
1-0: Foul Ball, location: 2F
1-1: SINGLE (Groundball, 4MD)
Batting: RHB Vicente Aguirre 0-0: Ball
1-0: Ball
2-0: Ball
3-0: Called Strike
3-1: Called Strike
3-2: Foul Ball, location: 2F
3-2: Fly out, F7 (Line Drive, 7M)
Bottom of the 5th over - 0 run(s), 1 hit(s), 0 error(s), 1 left on base; Boston 1 - Madison 2
TOP OF THE 6TH
Boston Rebels batting - Pitching for Madison Bombers : RHP Soh Suzuki
Batting: SHB Javier Villegas 0-0: Foul Ball, location: 2F
0-1: Foul Ball, location: 2F
0-2: Foul Ball, location: 2F
0-2: Strikes out swinging
Batting: LHB Jeff Gordon 0-0: Called Strike
0-1: Foul Ball, location: 2F
0-2: Strikes out swinging
Batting: RHB Ronnie Brown 0-0: Foul Ball, location: 2F
0-1: Fly out, F9 (Flyball, 89D)
Top of the 6th over - 0 run(s), 0 hit(s), 0 error(s), 0 left on base; Boston 1 - Madison 2
BOTTOM OF THE 6TH
Madison Bombers batting - Pitching for Boston Rebels : LHP José Hidalgo
Batting: LHB Seung-chun Mun 0-0: Called Strike
0-1: Ball
1-1: Ball
2-1: Ball
3-1: Base on Balls
Batting: RHB Sergio Márquez 0-0: Foul Ball, location: 2F
0-1: Foul Ball, location: 2F
0-2: Ball
1-2: Foul Ball, location: 2F
1-2: Ball
2-2: Ground out 2-3 (Groundball, 15S)
Seung-chun Mun to second
Batting: LHB Mike Callahan 0-0: Called Strike
0-1: Foul Ball, location: 2F
0-2: Foul Ball, location: 2F
0-2: Foul Ball, location: 2F
0-2: Foul Ball, location: 2F
0-2: Ball
1-2: Foul Ball, location: 2F
1-2: Strikes out swinging
Pitching: RHP Mark MacGruder
Batting: RHB Emílio Carrillo 0-0: SINGLE (Groundball, 56)
Seung-chun Mun to third
Runner from 3rd tries for Home, SAFE, throw made home
Emílio Carrillo to second
Batting: SHB Bob Warren 0-0: Called Strike
0-1: Foul Ball, location: 2F
0-2: Fly out, F8 (Flyball, 8LM)
Bottom of the 6th over - 1 run(s), 1 hit(s), 0 error(s), 1 left on base; Boston 1 - Madison 3
TOP OF THE 7TH
Boston Rebels batting - Pitching for Madison Bombers : RHP Soh Suzuki
Pitching: LHP Dave Carbone
Batting: LHB Tony Ramírez 0-0: Called Strike
0-1: Called Strike
0-2: Fly out, F8 (Flyball, 8LXD)
Batting: RHB Rubén Matos 0-0: Ball
1-0: Called Strike
1-1: Foul Ball, location: 2F
1-2: Foul Ball, location: 2F
1-2: Fly out, F7 (Flyball, 7LM)
Batting: LHB Ricardo Brandariz 0-0: Ball
1-0: Ball
2-0: Ball
3-0: Called Strike
3-1: Base on Balls
Batting: LHB Stanley Mullins 0-0: Ball
1-0: SINGLE (Groundball, 56D)
Ricardo Brandariz to second
Batting: RHB Clancy Booker 0-0: Ball
1-0: Swinging Strike
1-1: DOUBLE (Flyball, 8RXD)
Ricardo Brandariz scores
Stanley Mullins to third
Runner from 3rd tries for Home, SAFE, no throw or cutoff
Batting: LHB Lorenzo Flores 0-0: Ball
1-0: Called Strike
1-1: Ball
2-1: Ball
3-1: Base on Balls
Batting: SHB Javier Villegas 0-0: Foul Ball, location: 2F
0-1: Called Strike
0-2: Ball
1-2: Strikes out swinging
Top of the 7th over - 2 run(s), 2 hit(s), 0 error(s), 2 left on base; Boston 3 - Madison 3
BOTTOM OF THE 7TH
Madison Bombers batting - Pitching for Boston Rebels : RHP Mark MacGruder
Batting: LHB Avery Hopkins 0-0: Ball
1-0: Foul Ball, location: 2F
1-1: Ball
2-1: SOLO HOME RUN (Flyball, 9LD), Distance : 355 ft
Batting: SHB Dave MacThomas 0-0: Ball
1-0: Swinging Strike
1-1: Ball
2-1: Ground out 6-3 (Groundball, 6)
Batting: LHB Sixto Cantú 0-0: Called Strike
0-1: Swinging Strike
0-2: Ball
1-2: Strikes out swinging
Batting: RHB Vicente Aguirre 0-0: Ground out 5-3 (Groundball, 5)
Bottom of the 7th over - 1 run(s), 1 hit(s), 0 error(s), 0 left on base; Boston 3 - Madison 4
TOP OF THE 8TH
Boston Rebels batting - Pitching for Madison Bombers : LHP Dave Carbone
Batting: LHB Jeff Gordon 0-0: Called Strike
0-1: DOUBLE (Line Drive, 89D)
Pitching: RHP Manny Canseco
Batting: RHB Ronnie Brown 0-0: Ball
1-0: Called Strike
1-1: Ground out 5-3 (Groundball, 5L)
Batting: LHB Tony Ramírez 0-0: DOUBLE (Groundball, 5L)
Jeff Gordon scores
Batting: RHB Rubén Matos 0-0: Called Strike
0-1: Ground out 4-3 (Groundball, 4)
Tony Ramírez to third
Batting: LHB Ricardo Brandariz 0-0: Ball
1-0: Ground out 4-3 (Groundball, 4)
Top of the 8th over - 1 run(s), 2 hit(s), 0 error(s), 1 left on base; Boston 4 - Madison 4
BOTTOM OF THE 8TH
Madison Bombers batting - Pitching for Boston Rebels : RHP Mark MacGruder
Batting: LHB Seung-chun Mun 0-0: Foul Ball, location: 2F
0-1: Foul Ball, location: 2F
0-2: Foul Ball, location: 2F
0-2: Strikes out looking
Batting: RHB Sergio Márquez 0-0: Swinging Strike
0-1: Foul Ball, location: 2F
0-2: Ball
1-2: Strikes out swinging
Batting: LHB Mike Callahan 0-0: Ground out 6-3 (Groundball, 6M)
Bottom of the 8th over - 0 run(s), 0 hit(s), 0 error(s), 0 left on base; Boston 4 - Madison 4
TOP OF THE 9TH
Boston Rebels batting - Pitching for Madison Bombers : RHP Manny Canseco
Pitching: RHP Alonso Gallardo
Batting: LHB Stanley Mullins 0-0: Ball
1-0: Called Strike
1-1: Ball
2-1: Ball
3-1: DOUBLE (Line Drive, 78S)
Batting: RHB Clancy Booker 0-0: Ball
1-0: Swinging Strike
1-1: Swinging Strike
1-2: Foul Ball, location: 2F
1-2: Ball
2-2: Strikes out looking
Batting: LHB Lorenzo Flores 0-0: Ball
1-0: Foul Ball, location: 2F
1-1: Ball
Throwing error on steal attempt, E2
Stanley Mullins scores
2-1: Foul Ball, location: 2F
2-2: SINGLE (Flyball, 4MD)
Batting: SHB Javier Villegas 0-0: Swinging Strike
0-1: Foul Ball, location: 2F
0-2: Strikes out swinging
Batting: LHB Jeff Gordon 0-0: Swinging Strike
0-1: Ball
1-1: Called Strike
1-2: Strikes out swinging
Top of the 9th over - 1 run(s), 2 hit(s), 1 error(s), 1 left on base; Boston 5 - Madison 4
BOTTOM OF THE 9TH
Madison Bombers batting - Pitching for Boston Rebels : RHP Mark MacGruder
Pitching: RHP Tony Rocha
Pinch Hitting: SHB Jorge Flores 0-0: Ball
1-0: Ball
2-0: Ball
3-0: Called Strike
3-1: Base on Balls
Pinch Runner at 1st Greg King:
Batting: SHB Bob Warren 0-0: Swinging Strike
0-1: Swinging Strike
0-2: Fly out, F5 (Line Drive, 5)
Batting: LHB Avery Hopkins 0-0: Ball
1-0: 2-RUN HOME RUN (Flyball, 9D), Distance : 368 ft
Monday, December 5th, 2016 - OOTP Baseball 17.12 Build 75